[Event "Late Titled Tuesday Blitz February 8 2022"]
[White "Glavina, Pablo"]
[Black "Shahade, Gregory"]
[WhiteFideId "100234"]
[BlackFideId "2009064"]
[WhiteElo "2369"]
[BlackElo "2664"]
[Result "1/2-1/2"]
[Round "05"]
[TimeControl "180+1"]
[Date "2022.02.09"]
[WhiteClock "0:00:27"]
[BlackClock "0:00:11"]

1. e4 e5 2. Nf3 Nc6 3. Nc3 Nf6 4. d4 exd4 5. Nxd4 Bb4 6. Nxc6 bxc6 7. Bd3 d5 8. exd5 O-O 9. O-O Bg4 10. f3 Bh5 11. dxc6 Qd4+ 12. Kh1 Bxc3 13. bxc3 Qxc3 14. Bg5 Qxc6 15. Rb1 Bg6 16. Bxg6 hxg6 17. Bxf6 Qxf6 18. Qd7 Qc3 19. a4 Qxc2 20. Rfc1 Rab8 21. Ra1 Qf2 22. Qxc7 Rb2 23. Rg1 Re8 24. a5 g5 25. Raf1 Qe3 26. Qd7 Re6 27. h3 a6 28. Rb1 Rxb1 29. Rxb1 Re8 30. Qc6 Qe2 31. Rc1 f6 32. Qd5+ Kh7 33. Qf5+ Kh6 34. h4 gxh4 35. Qf4+ Kh7 36. Qxh4+ Kg8 37. Qh5 Qe5 38. Qg6 Rd8 39. Qc2 Qh5+ 40. Kg1 Qxa5 41. Qc4+ Kf8 42. Rb1 Qd5 43. Qxa6 Qd4+ 44. Kf1 Qd3+ 45. Qxd3 Rxd3 46. Rb7 Re3 47. Kf2 Re7 48. Rb6 Kf7 49. Rb4 Ra7 50. g4 Re7 51. Kg3 Ra7 52. Rb6 Re7 53. Kf4 Ra7 54. Kg3 Re7 55. Rb5 Ra7 56. g5 fxg5 57. Rxg5 g6 58. Rg4 Kf6 59. Re4 Ra5 60. Rb4 Ra6 61. Rb5 Rc6 62. Kg4 Rc4+ 63. f4 Rc6 64. Ra5 Rb6 65. Rc5 Ra6 66. Rb5 Rc6 67. Ra5 Rb6 68. Rd5 Rc6 69. Ra5 1/2-1/2


[Site "https://www.chess.com"]

[Event "Late Titled Tuesday Blitz February 8 2022"]
[White "Golubenko, Valentina"]
[Black "Vusatiuk, Vladimir"]
[WhiteFideId "4501993"]
[BlackFideId "14118610"]
[WhiteElo "2164"]
[BlackElo "2157"]
[Result "0-1"]
[Round "05"]
[TimeControl "180+1"]
[Date "2022.02.09"]
[WhiteClock "0:00:10"]
[BlackClock "0:00:10"]

1. d4 c5 2. d5 b5 3. g3 d6 4. Bg2 g6 5. a4 b4 6. c4 Bg7 7. Nf3 Nf6 8. O-O O-O 9. Re1 Nbd7 10. Nbd2 Ng4 11. h3 Nge5 12. Nxe5 Bxe5 13. e4 a5 14. f4 Bd4+ 15. Kh2 Ba6 16. Rb1 e5 17. f5 Kg7 18. Rf1 f6 19. fxg6 hxg6 20. b3 Rh8 21. Nf3 Bc3 22. Bd2 Bxd2 23. Qxd2 Bc8 24. Rf2 Nf8 25. Rbf1 g5 26. Ng1 Rh6 27. Rf3 Ra7 28. R3f2 Bxh3 29. Bxh3 g4 30. Kg2 gxh3+ 31. Nxh3 Qd7 32. Ng1 Qg4 33. Nf3 Rf7 34. Ng1 Ng6 35. Rxf6 Nh4+ 36. Kh1 Nf3+ 37. Kg2 Rh2# 0-1


[Site "https://www.chess.com"]

[Event "Late Titled Tuesday Blitz February 8 2022"]
[White "Golubovskis, Maksims"]
[Black "Hoffmann, Asa"]
[WhiteFideId "11608528"]
[BlackFideId "2001470"]
[WhiteElo "2066"]
[BlackElo "2117"]
[Result "0-1"]
[Round "05"]
[TimeControl "180+1"]
[Date "2022.02.09"]
[WhiteClock "0:00:29"]
[BlackClock "0:01:52"]

1. e4 d6 2. d4 Nf6 3. Nc3 c6 4. f4 Qa5 5. e5 Ne4 6. Qf3 d5 7. Bd3 f5 8. exf6 Nxf6 9. Bd2 Qb6 10. O-O-O Bg4 11. Qe3 Bxd1 12. Nxd1 Nbd7 13. Nf3 O-O-O 14. Ng5 Re8 15. Nf7 Rg8 16. Qe6 Qc7 17. Nd6+ Qxd6 18. Qxg8 Nxg8 0-1


[Site "https://www.chess.com"]

[Event "Late Titled Tuesday Blitz February 8 2022"]
[White "Gurevich, Dmitry"]
[Black "Beulen, Marcel"]
[WhiteFideId "2000407"]
[BlackFideId "1001450"]
[WhiteElo "2506"]
[BlackElo "2368"]
[Result "1-0"]
[Round "05"]
[TimeControl "180+1"]
[Date "2022.02.09"]
[WhiteClock "0:00:24"]
[BlackClock "0:00:07"]

1. d4 d5 2. c4 c6 3. Nf3 Nf6 4. Nc3 dxc4 5. a4 Bf5 6. e3 e6 7. Bxc4 Bb4 8. O-O Nbd7 9. Qe2 Bg6 10. Bd2 O-O 11. Rfc1 a5 12. h3 h6 13. Bd3 Bxd3 14. Qxd3 Qe7 15. e4 e5 16. Nxe5 Nxe5 17. dxe5 Qxe5 18. f4 Qc5+ 19. Be3 Rfd8 20. Qxd8+ Rxd8 21. Bxc5 Bxc5+ 22. Kh2 Be3 23. Rd1 Bxf4+ 24. g3 Rxd1 25. Rxd1 Be5 26. Kg2 Bxc3 27. bxc3 Nxe4 28. Rd8+ Kh7 29. Ra8 Nxc3 30. Rxa5 b5 31. axb5 cxb5 32. Ra7 f6 33. Rc7 b4 34. Rc4 Nd5 35. Rd4 Ne7 36. Rxb4 Nc6 37. Rb6 Ne5 38. Ra6 h5 39. Kf2 Kg6 40. Ke3 Kf5 41. Ra7 g6 42. Ra5 g5 43. Ra8 Ng6 44. Ra5+ Ne5 45. Kd4 h4 46. gxh4 gxh4 47. Ke3 Kg5 48. Ke4 Kg6 49. Kf4 Nf7 50. Kg4 Ng5 51. Kxh4 Nf7 52. Kg4 Ng5 53. h4 Nf7 54. h5+ Kh6 55. Rf5 Kg7 56. Rf1 Ne5+ 57. Kf5 Nf7 58. Rg1+ Ng5 59. Kg4 Kh6 60. Rf1 Kg7 61. Ra1 Nf7 62. Ra7 Kf8 63. Kf5 Nd6+ 64. Kxf6 Ne8+ 65. Kg6 Kg8 66. Ra8 Kf8 67. Rxe8+ 1-0


[Site "https://www.chess.com"]

[Event "Late Titled Tuesday Blitz February 8 2022"]
[White "Hasangatin, Ramil"]
[Black "Lenderman, Aleksandr"]
[WhiteFideId "4122160"]
[BlackFideId "2021285"]
[WhiteElo "2375"]
[BlackElo "2651"]
[Result "1-0"]
[Round "05"]
[TimeControl "180+1"]
[Date "2022.02.08"]
[WhiteClock "0:00:53"]
[BlackClock "0:00:07"]

1. e4 d6 2. d4 Nf6 3. Nc3 e5 4. dxe5 dxe5 5. Qxd8+ Kxd8 6. Bc4 Ke8 7. Nf3 Bd6 8. Bg5 c6 9. O-O Nbd7 10. Bh4 Bc7 11. a4 a5 12. Rfe1 Nc5 13. Bxf6 gxf6 14. Nh4 Be6 15. Bf1 Rd8 16. Rad1 Rd4 17. Nf5 Bxf5 18. exf5 Kf8 19. b3 Kg7 20. Ne2 Rxd1 21. Rxd1 Rd8 22. Rxd8 Bxd8 23. Ng3 e4 24. Bc4 Kf8 25. Kf1 Bc7 26. Ke2 Bf4 27. Nf1 Ke7 28. g3 Bc1 29. Ne3 h5 30. Nd1 Bh6 31. h4 Bc1 32. Ke1 e3 33. f3 Nd7 34. Ke2 Ne5 35. Nxe3 Bxe3 36. Kxe3 Kd6 37. Be2 Kc5 38. f4 Nd7 39. Bxh5 b5 40. Bxf7 1-0


[Site "https://www.chess.com"]

[Event "Late Titled Tuesday Blitz February 8 2022"]
[White "Howell, David W L"]
[Black "Kravtsiv, Martyn"]
[WhiteFideId "410608"]
[BlackFideId "14113147"]
[WhiteElo "2559"]
[BlackElo "2694"]
[Result "0-1"]
[Round "05"]
[TimeControl "180+1"]
[Date "2022.02.08"]
[WhiteClock "0:00:03"]
[BlackClock "0:00:01"]

1. e4 e5 2. Nf3 Nc6 3. Nc3 Nf6 4. Bb5 Bb4 5. O-O O-O 6. d3 d6 7. Ne2 Bg4 8. c3 Ba5 9. Ng3 Nh5 10. h3 Nxg3 11. fxg3 Bd7 12. g4 Ne7 13. Bc4 Be6 14. Bb3 Ng6 15. Kh1 Bb6 16. a4 a5 17. Bxe6 fxe6 18. Bd2 Qd7 19. g3 Rf7 20. Kg2 Raf8 21. Qe2 c6 22. h4 Bd8 23. Be3 Ne7 24. Rf2 Nc8 25. Raf1 c5 26. b3 b5 27. axb5 Qxb5 28. Qc2 Nb6 29. Ra1 Nd7 30. g5 d5 31. c4 Qc6 32. Bd2 dxe4 33. dxe4 Qa8 34. Bc3 Bc7 35. Rff1 Nb8 36. Nxe5 Bxe5 37. Bxe5 Nc6 38. Bc3 e5 39. Qd3 Nd4 40. Rxf7 Rxf7 41. Rxa5 Qf8 42. Bxd4 exd4 43. Qe2 Rb7 44. Rb5 Ra7 45. b4 cxb4 46. c5 Ra3 47. Rxb4 d3 48. Qb2 d2 49. Qxd2 Qf3+ 0-1


[Site "https://www.chess.com"]

[Event "Late Titled Tuesday Blitz February 8 2022"]
[White "Ishbaev, Alibek"]
[Black "Burke, Paul"]
[WhiteFideId "14205017"]
[BlackFideId "2605767"]
[WhiteElo "2373"]
[BlackElo "1823"]
[Result "1-0"]
[Round "05"]
[TimeControl "180+1"]
[Date "2022.02.09"]
[WhiteClock "0:01:26"]
[BlackClock "0:00:08"]

1. c4 a6 2. e4 d6 3. Nc3 g6 4. g3 Nd7 5. Bg2 Bg7 6. Nge2 e6 7. O-O h6 8. d3 Ne7 9. Be3 O-O 10. Qd2 Kh7 11. f4 f5 12. Rae1 Rb8 13. b3 b5 14. h3 b4 15. Nd1 c5 16. Kh2 Bb7 17. exf5 Nxf5 18. Bf2 Bxg2 19. Kxg2 Nf6 20. Ne3 Nd4 21. Nxd4 cxd4 22. Ng4 Nxg4 23. hxg4 e5 24. Bg1 Qc8 25. Qe2 Qb7+ 26. Qe4 Qd7 27. f5 gxf5 28. Rxf5 Rxf5 29. gxf5 Bf6 30. g4 Qg7 31. Kh3 Rg8 32. Bf2 Qg5 33. Qb7+ Rg7 34. Qf3 a5 35. Rg1 Qd2 36. Rg2 Qxa2 37. Bh4 Qxb3 38. Bxf6 Rf7 39. g5 hxg5 40. Qh5+ Kg8 41. Qh8# 1-0


[Site "https://www.chess.com"]

[Event "Late Titled Tuesday Blitz February 8 2022"]
[White "Izoria, Zviad"]
[Black "Tregubov, Pavel V."]
[WhiteFideId "13601733"]
[BlackFideId "4115341"]
[WhiteElo "2626"]
[BlackElo "2341"]
[Result "1/2-1/2"]
[Round "05"]
[TimeControl "180+1"]
[Date "2022.02.09"]
[WhiteClock "0:00:09"]
[BlackClock "0:00:17"]

1. c4 c5 2. Nf3 Nf6 3. Nc3 Nc6 4. e3 e6 5. d4 d5 6. cxd5 exd5 7. Bb5 Bd6 8. O-O O-O 9. h3 cxd4 10. exd4 h6 11. Re1 a6 12. Bxc6 bxc6 13. Ne5 Qc7 14. Bf4 Bb7 15. Qf3 c5 16. dxc5 Qxc5 17. Rac1 Qb6 18. Na4 Qb4 19. b3 d4 20. Nc6 Bxc6 21. Bxd6 Qxe1+ 22. Rxe1 Bxf3 23. Bxf8 Bc6 24. Bb4 Bxa4 25. bxa4 Rc8 26. a3 Nd5 27. Re5 Nxb4 28. axb4 Rc4 29. b5 Rxa4 30. bxa6 Rxa6 31. Rd5 Ra1+ 32. Kh2 Rd1 33. Rd8+ Kh7 34. Rd6 f6 35. Kg3 Rd3+ 36. f3 Rd2 37. h4 Kg6 38. Rd7 h5 39. Kf4 Kh6 40. g4 g5+ 41. Kg3 hxg4 42. Kxg4 gxh4 43. Kxh4 f5 44. Rd6+ Kg7 45. Kg5 Rd3 46. Kxf5 Rxf3+ 47. Ke4 Rh3 48. Rxd4 Rh4+ 49. Kd3 Rxd4+ 50. Kxd4 1/2-1/2


[Site "https://www.chess.com"]

[Event "Late Titled Tuesday Blitz February 8 2022"]
[White "Jacobson, Brandon"]
[Black "Moroni, Luca Jr"]
[WhiteFideId "30901561"]
[BlackFideId "865834"]
[WhiteElo "2362"]
[BlackElo "2573"]
[Result "0-1"]
[Round "05"]
[TimeControl "180+1"]
[Date "2022.02.08"]
[WhiteClock "0:00:19"]
[BlackClock "0:00:19"]

1. Nf3 g6 2. c4 Bg7 3. d4 d6 4. Nc3 Nc6 5. e3 e5 6. Be2 Nge7 7. O-O O-O 8. a3 exd4 9. exd4 Nf5 10. Bg5 Qd7 11. d5 Ncd4 12. Bd3 h6 13. Nxd4 Nxd4 14. Be3 Nf5 15. Bd2 Qd8 16. Re1 Bd7 17. Rb1 Re8 18. Ne4 Nd4 19. Bc3 Bf5 20. Rc1 Qh4 21. f3 Qf4 22. Bb1 Bxe4 23. Bxe4 Nf5 24. Bd2 Qe5 25. Bc3 Qf4 26. Bd2 Qe5 27. b4 Qf6 28. Bc3 Qg5 29. Bd2 Bd4+ 30. Kh1 Ng3+ 0-1


[Site "https://www.chess.com"]

[Event "Late Titled Tuesday Blitz February 8 2022"]
[White "Jaferian, Koosha"]
[Black "Garagulya, Konstantin"]
[WhiteFideId "12507440"]
[BlackFideId "4128931"]
[WhiteElo "2027"]
[BlackElo "2329"]
[Result "0-1"]
[Round "05"]
[TimeControl "180+1"]
[Date "2022.02.09"]
[WhiteClock "0:00:07"]
[BlackClock "0:00:07"]

1. e4 c5 2. Nc3 a6 3. g3 b5 4. Bg2 Bb7 5. d3 e6 6. Nh3 d5 7. exd5 Nf6 8. Bg5 b4 9. Ne4 Bxd5 10. Nf4 Bc6 11. Nh5 Bxe4 12. Bxe4 Ra7 13. Qf3 Nbd7 14. Bc6 Be7 15. Nxg7+ Kf8 16. Bh6 Kg8 17. Bxd7 Rxd7 18. Nh5 Rd4 19. Bg7 Nxh5 20. Bxd4 Qxd4 21. Qxh5 Qxb2 22. O-O Qxc2 23. Qf3 Kg7 24. Rfc1 Qb2 25. Qg4+ Kf8 26. Qc4 h5 27. h4 Kg7 28. Qxa6 Bf6 29. Qc4 Bd4 30. Rf1 Bxf2+ 31. Kg2 Bd4+ 32. Kh3 Ra8 33. Qc1 Qe2 34. Qg5+ Kf8 35. Rae1 Qxd3 36. Rxe6 Qxf1+ 0-1


[Site "https://www.chess.com"]

[Event "Late Titled Tuesday Blitz February 8 2022"]
[White "Jaskolka, Tomasz"]
[Black "Zhurbinsky, David"]
[WhiteFideId "1170791"]
[BlackFideId "2072904"]
[WhiteElo "2054"]
[BlackElo "2558"]
[Result "1/2-1/2"]
[Round "05"]
[TimeControl "180+1"]
[Date "2022.02.09"]
[WhiteClock "0:00:05"]
[BlackClock "0:00:09"]

1. e4 e5 2. Nf3 Nc6 3. Bb5 a6 4. Ba4 Nf6 5. O-O Be7 6. Re1 b5 7. Bb3 O-O 8. d3 Bb7 9. a4 b4 10. Nbd2 d5 11. exd5 Nxd5 12. Nc4 Bd6 13. Bg5 Qd7 14. Qd2 Rae8 15. c3 Kh8 16. Nxd6 Qxd6 17. d4 bxc3 18. bxc3 e4 19. Nh4 f5 20. c4 Ndb4 21. d5 Ne5 22. Bf4 Nbd3 23. Bxe5 Qxe5 24. Rf1 f4 25. g3 f3 26. Bc2 Nc5 27. Qe3 Nd7 28. Rfe1 g5 29. Qxe4 Qxe4 30. Rxe4 Rxe4 31. Bxe4 gxh4 32. Rb1 Nc5 33. Bc2 hxg3 34. hxg3 h5 35. Kh2 h4 36. gxh4 Rf4 37. Kg3 Rxc4 38. Bd3 Rxa4 39. Bf5 Bxd5 40. h5 Kg7 41. Rc1 Rc4 42. Rd1 Bf7 43. Rg1 Kf6 44. Bb1 Be6 45. Kxf3 Bd5+ 46. Ke3 Rb4 47. Bc2 Rc4 48. Rg6+ Kf7 49. Bd3 Rc3 50. Kd4 Rxd3+ 51. Kxc5 Be4 52. Rxa6 Rd5+ 53. Kc4 Rxh5 54. Ra7 Bd5+ 55. Kd4 Ke6 56. Rxc7 Rh4+ 57. Ke3 Kd6 58. Rg7 Re4+ 59. Kd3 Kc5 60. Rg5 Rd4+ 61. Ke3 Kc4 62. f3 Rd3+ 63. Kf2 Rxf3+ 64. Ke2 Rh3 65. Kf2 Kd4 66. Rg4+ Be4 67. Rg7 Rf3+ 68. Ke2 Ra3 69. Rd7+ Bd5 70. Kf2 Ra2+ 71. Kg3 Rg2+ 72. Kf4 Rf2+ 73. Kg3 Rf3+ 74. Kg4 Rf1 75. Rd8 Ke5 76. Re8+ Be6+ 77. Kg3 Rf6 78. Kg2 Rg6+ 79. Kf3 Rf6+ 80. Ke3 Kf5 81. Kf3 Rh6 82. Rf8+ Ke5 83. Ke3 Rh3+ 84. Rf3 Rh4 85. Rf8 Rh3+ 86. Rf3 Rh1 87. Rf8 Ra1 88. Kd2 Ra3 89. Ke2 Bc4+ 90. Kd2 Kd4 91. Rf4+ Kc5 92. Rf5+ Bd5 93. Rg5 Kd4 94. Rg4+ Be4 95. Rf4 Ra2+ 96. Kc1 Ke3 97. Rh4 Ra4 98. Rh3+ Kd4 99. Kb2 Kc4 100. Rc3+ Kd4 101. Rh3 Rb4+ 102. Ka3 Kc4 103. Rh4 Kc3 104. Rh3+ Kc4 105. Rh4 Rb3+ 106. Ka4 Re3 107. Ka5 Ra3+ 108. Kb6 Rb3+ 109. Kc7 Kd4 110. Kd6 Rb7 111. Rh5 Rb6+ 112. Kd7 Bd5 113. Kc7 Kc5 1/2-1/2


[Site "https://www.chess.com"]

[Event "Late Titled Tuesday Blitz February 8 2022"]
[White "Jones, Gawain C B"]
[Black "Gomez Ledo, Roberto Carlos"]
[WhiteFideId "409561"]
[BlackFideId "3507076"]
[WhiteElo "2657"]
[BlackElo "2379"]
[Result "1/2-1/2"]
[Round "05"]
[TimeControl "180+1"]
[Date "2022.02.08"]
[WhiteClock "0:00:20"]
[BlackClock "0:00:13"]

1. Nf3 Nf6 2. g3 d5 3. Bg2 e6 4. O-O Be7 5. d3 O-O 6. Nbd2 Nc6 7. e4 dxe4 8. dxe4 e5 9. Nc4 Bd6 10. Bg5 h6 11. Bxf6 Qxf6 12. c3 Rd8 13. Qe2 Bf8 14. b4 a6 15. a4 Bg4 16. Ne3 Be6 17. b5 Na5 18. Nd2 Rxd2 19. Qxd2 Nb3 20. Qb2 Nxa1 21. Rxa1 axb5 22. axb5 Rxa1+ 23. Qxa1 Qd8 24. Nd5 Bxd5 25. exd5 b6 26. c4 Bd6 27. Be4 g6 28. Qc1 Kg7 29. Bc2 Qf6 30. Kg2 Bc5 31. Qe1 Bd4 32. h4 h5 33. Qe2 Qd6 34. g4 hxg4 35. Qxg4 Qf6 36. Qg3 Kh6 37. Be4 Bc5 38. Kf1 Bd4 39. Ke2 Bc5 40. f3 Bd4 41. Kd3 Qd6 42. Qg5+ Kg7 43. h5 Qa3+ 44. Ke2 Qb2+ 45. Kd1 Qa1+ 46. Ke2 Qb2+ 47. Kd1 Qa1+ 48. Ke2 Qb2+ 1/2-1/2


[Site "https://www.chess.com"]

[Event "Late Titled Tuesday Blitz February 8 2022"]
[White "Kamsky, Gata"]
[Black "Svane, Rasmus"]
[WhiteFideId "2000024"]
[BlackFideId "4657101"]
[WhiteElo "2645"]
[BlackElo "2645"]
[Result "0-1"]
[Round "05"]
[TimeControl "180+1"]
[Date "2022.02.08"]
[WhiteClock "0:00:42"]
[BlackClock "0:00:13"]

1. d4 d5 2. Bf4 e6 3. e3 Bd6 4. Nd2 Bxf4 5. exf4 Qd6 6. Qg4 g6 7. c3 c5 8. Ngf3 Nc6 9. dxc5 Qxc5 10. Qh4 Qe7 11. Qxe7+ Ngxe7 12. O-O-O f6 13. Bb5 Kf7 14. Rhe1 a6 15. Bxc6 Nxc6 16. Nb3 Re8 17. Nbd4 Bd7 18. b3 Rac8 19. Kb2 Nxd4 20. cxd4 h6 21. h4 h5 22. Rc1 Rxc1 23. Rxc1 Rc8 24. Rxc8 Bxc8 25. Kc3 Ke7 26. Ne1 Kd6 27. g3 b6 28. a3 a5 29. Kd2 Ba6 30. Ke3 Bf1 31. Nf3 Bg2 32. Nd2 Bh3 33. Nb1 Bf5 34. Nc3 Kc6 35. f3 Bh3 36. Kf2 Bf5 37. Ke3 Bh3 38. Kd2 Bf5 39. Nd1 Kd6 40. Ne3 Bh3 41. g4 hxg4 42. fxg4 e5 43. fxe5+ fxe5 44. Kd3 Ke6 45. h5 gxh5 46. gxh5 Bf5+ 47. Nxf5 e4+ 0-1


[Site "https://www.chess.com"]

[Event "Late Titled Tuesday Blitz February 8 2022"]
[White "Kanyamarala, Tarun"]
[Black "Hess, Robert"]
[WhiteFideId "45004714"]
[BlackFideId "2022036"]
[WhiteElo "2144"]
[BlackElo "2557"]
[Result "1-0"]
[Round "05"]
[TimeControl "180+1"]
[Date "2022.02.09"]
[WhiteClock "0:01:14"]
[BlackClock "0:00:08"]

1. d4 g6 2. c4 Bg7 3. Nc3 c5 4. dxc5 Bxc3+ 5. bxc3 Qa5 6. Nf3 Nf6 7. g3 Nc6 8. Bg2 Qxc5 9. O-O Qxc4 10. Bg5 O-O 11. Bxf6 exf6 12. Nd2 Qe6 13. Ne4 f5 14. Nd6 Kg7 15. Re1 b6 16. e4 f4 17. gxf4 Ba6 18. e5 Rad8 19. Bd5 Qh3 20. Re3 Qh4 21. Qa4 Na5 22. Rg3 Be2 23. Nf5+ 1-0


[Site "https://www.chess.com"]

[Event "Late Titled Tuesday Blitz February 8 2022"]
[White "Karttunen, Mika"]
[Black "Adewumi, Tanitoluwa"]
[WhiteFideId "502081"]
[BlackFideId "30966396"]
[WhiteElo "2343"]
[BlackElo "2443"]
[Result "0-1"]
[Round "05"]
[TimeControl "180+1"]
[Date "2022.02.09"]
[WhiteClock "0:00:11"]
[BlackClock "0:00:11"]

1. e4 g6 2. d4 Bg7 3. Nc3 c6 4. f4 d5 5. e5 h5 6. Nf3 Bg4 7. Be3 Nh6 8. h3 Nf5 9. Bf2 Bxf3 10. Qxf3 h4 11. Bd3 e6 12. O-O Nd7 13. Ne2 Qb6 14. b3 Rc8 15. c4 a6 16. Rfb1 Bf8 17. a3 Qa7 18. c5 b6 19. b4 a5 20. Nc3 a4 21. b5 bxc5 22. bxc6 Rxc6 23. Bb5 Rc8 24. Nxd5 exd5 25. Qxd5 Kd8 26. e6 fxe6 27. Qxe6 Nxd4 28. Bxd4 cxd4 29. Bxd7 Qxd7 30. Qf6+ Kc7 31. Qxh8 d3 32. Qe5+ Kd8 33. Qf6+ Qe7 34. Qxe7+ Bxe7 35. Rd1 Rc3 36. Kf2 Bc5+ 37. Kf3 Bxa3 38. Ke4 Bb2 39. Rxa4 Rc2 40. Rxd3+ Ke8 41. Ra2 Rc4+ 42. Kd5 Rb4 43. Re3+ Kf7 44. Rd3 Bf6 45. Ra7+ Kg8 46. Kc6 Rxf4 47. Rf3 Rxf3 48. gxf3 Bd4 49. Kd5 Bxa7 50. Ke4 Kg7 51. Kf4 Kf6 52. Kg4 Bf2 53. f4 Bg3 54. f5 gxf5+ 55. Kf3 Ke5 56. Ke2 f4 57. Kf3 Kf5 58. Kg2 Ke4 59. Kf1 f3 60. Kg1 Ke3 61. Kf1 Kd3 62. Kg1 Ke2 63. Kh1 f2 64. Kg2 f1=Q# 0-1


[Site "https://www.chess.com"]

[Event "Late Titled Tuesday Blitz February 8 2022"]
[White "Khater, Sherif"]
[Black "Papasimakopoulos, Alexandros"]
[WhiteFideId "2034280"]
[BlackFideId "4244125"]
[WhiteElo "2538"]
[BlackElo "2340"]
[Result "1-0"]
[Round "05"]
[TimeControl "180+1"]
[Date "2022.02.08"]
[WhiteClock "0:01:06"]
[BlackClock "0:00:42"]

1. b3 e5 2. Bb2 d6 3. e3 g6 4. f4 Bg7 5. Nf3 Nd7 6. Be2 Nh6 7. O-O O-O 8. fxe5 Ng4 9. h3 Ngxe5 10. Nxe5 Nxe5 11. Nc3 Be6 12. d4 Qg5 13. dxe5 Qxe3+ 14. Kh1 Bxe5 15. Qd3 Qh6 16. Na4 Bf5 17. Qf3 b6 18. Bxe5 dxe5 19. Bd3 Be6 20. Rae1 f6 21. Bc4 Bxc4 22. bxc4 Rad8 23. Nc3 Rd6 24. Ne4 Re6 25. Qd3 f5 26. Qd5 Re8 27. Nf6+ 1-0


[Site "https://www.chess.com"]

[Event "Late Titled Tuesday Blitz February 8 2022"]
[White "Khripachenko, Alexander"]
[Black "Horvath, Dominik"]
[WhiteFideId "54184975"]
[BlackFideId "1642561"]
[WhiteElo "2177"]
[BlackElo "2336"]
[Result "0-1"]
[Round "05"]
[TimeControl "180+1"]
[Date "2022.02.08"]
[WhiteClock "0:02:25"]
[BlackClock "0:02:05"]

1. d4 d5 2. c4 e6 3. Nf3 Nf6 4. Nc3 Bb4 5. Qb3 a5 6. a3 a4 7. Qc2 Bxc3+ 8. Qxc3 Ne4 9. Qc2 c5 10. e3 Qa5+ 11. Bd2 Nxd2 12. Qxd2 dxc4 13. Qxa5 Rxa5 14. Bxc4 cxd4 15. Nxd4 Bd7 16. O-O Ke7 17. Rfd1 Rc8 18. Rac1 Rac5 0-1


[Site "https://www.chess.com"]

[Event "Late Titled Tuesday Blitz February 8 2022"]
[White "Kirillov, Dmitry"]
[Black "Haussernot, Cecile"]
[WhiteFideId "34180572"]
[BlackFideId "601632"]
[WhiteElo "2076"]
[BlackElo "2288"]
[Result "1-0"]
[Round "05"]
[TimeControl "180+1"]
[Date "2022.02.09"]
[WhiteClock "0:00:11"]
[BlackClock "0:00:48"]

1. d4 Nf6 2. c4 e6 3. Nf3 c5 4. e3 cxd4 5. exd4 b6 6. Nc3 Bb7 7. Bd3 Bb4 8. O-O O-O 9. Qe2 d5 10. a3 Bxc3 11. bxc3 dxc4 12. Bxc4 Ne4 13. Bb2 Nd7 14. Bd3 Ndf6 15. c4 Rc8 16. Rad1 Qd7 17. h4 Qa4 18. Ng5 Nxg5 19. hxg5 Ne8 20. d5 exd5 21. Qg4 dxc4 22. Be4 Bxe4 23. Qxc8 Nd6 24. Qc7 Nb5 25. Qe5 c3 26. Bxc3 Nxc3 27. Qxc3 Qb5 28. Rd4 Bb7 29. Qe3 Qc6 30. f3 Qc5 31. Rfd1 g6 32. Kf2 a5 33. Rd8 Qc2+ 34. Kg1 Qb2 35. Qe7 1-0


[Site "https://www.chess.com"]

[Event "Late Titled Tuesday Blitz February 8 2022"]
[White "Kopczynski, Michal"]
[Black "Holt, Conrad"]
[WhiteFideId "1124200"]
[BlackFideId "2034387"]
[WhiteElo "2235"]
[BlackElo "2586"]
[Result "0-1"]
[Round "05"]
[TimeControl "180+1"]
[Date "2022.02.08"]
[WhiteClock "0:00:22"]
[BlackClock "0:00:34"]

1. e4 e6 2. d4 d5 3. Nc3 Nf6 4. e5 Nfd7 5. f4 c5 6. Nf3 Nc6 7. Be3 cxd4 8. Nxd4 Bc5 9. Qd2 O-O 10. O-O-O a6 11. Nxc6 bxc6 12. Bxc5 Nxc5 13. Qd4 Qb6 14. Bd3 a5 15. Na4 Nxa4 16. Qxa4 Rb8 17. Qa3 c5 18. c4 Bb7 19. f5 exf5 20. Bxf5 Qh6+ 21. Kb1 dxc4 22. Qxc5 Bxg2 23. Rhg1 Qxh2 24. Rd2 c3 25. Qxc3 Qxg1+ 26. Kc2 Rfc8 27. Bxc8 Be4+ 28. Rd3 Bxd3+ 29. Kxd3 Qg3+ 30. Kd4 Qxc3+ 0-1


[Site "https://www.chess.com"]

[Event "Late Titled Tuesday Blitz February 8 2022"]
[White "Kostiukov, Alexandr"]
[Black "Chernomordik, Pavel"]
[WhiteFideId "14108100"]
[BlackFideId "2804530"]
[WhiteElo "2202"]
[BlackElo "2249"]
[Result "0-1"]
[Round "05"]
[TimeControl "180+1"]
[Date "2022.02.09"]
[WhiteClock "0:00:03"]
[BlackClock "0:00:42"]

1. g3 g6 2. Bg2 Bg7 3. c4 e5 4. Nf3 Nc6 5. O-O d6 6. Nc3 Be6 7. Nd5 h6 8. d3 Nge7 9. Ne1 O-O 10. Nc2 f5 11. Rb1 Qd7 12. b4 g5 13. b5 Nd8 14. Nxe7+ Qxe7 15. Nb4 f4 16. Nd5 Qf7 17. a4 Rc8 18. a5 c6 19. bxc6 bxc6 20. Nc3 g4 21. Ne4 Qc7 22. Ba3 Nf7 23. a6 Rb8 24. Qc2 c5 25. Nc3 Qa5 26. Nb5 Qxa6 27. gxf4 exf4 28. Bb2 Ne5 29. Nc7 Qc8 30. Nxe6 f3 31. Nxf8 fxg2 32. Kxg2 Qc6+ 33. e4 Rxf8 34. Bxe5 Bxe5 35. Qe2 Qd7 36. Rg1 h5 37. h3 Rf3 38. hxg4 hxg4 39. Kf1 Kf7 40. Rb3 Bd4 41. Rg2 Qa4 42. Qc2 Qd7 43. Qa2 Kg6 44. Ra3 Qf7 45. Rxg4+ Kh5 46. Rg2 Qf4 47. Qc2 Rh3 48. Rxa7 Kh6 49. Qe2 Qc1+ 50. Qe1 Rh1+ 51. Rg1 Rxg1+ 52. Kxg1 Qxe1+ 0-1


[Site "https://www.chess.com"]

[Event "Late Titled Tuesday Blitz February 8 2022"]
[White "Kouskoutis, Georgios-Alexandros"]
[Black "Pakleza, Zbigniew"]
[WhiteFideId "4234049"]
[BlackFideId "1119290"]
[WhiteElo "2130"]
[BlackElo "2467"]
[Result "1/2-1/2"]
[Round "05"]
[TimeControl "180+1"]
[Date "2022.02.09"]
[WhiteClock "0:00:05"]
[BlackClock "0:00:15"]

1. c4 c6 2. g3 d5 3. Bg2 Nf6 4. Nf3 Bf5 5. Qb3 Qb6 6. d3 e6 7. Be3 Qxb3 8. axb3 a6 9. Nh4 Bg6 10. h3 Nbd7 11. O-O Be7 12. f4 Nh5 13. Nxg6 hxg6 14. g4 Nhf6 15. Nd2 Bb4 16. Ra4 a5 17. Rfa1 Ke7 18. Nf3 b5 19. R4a2 Rab8 20. Nd4 Rhc8 21. Nc2 Bc5 22. Rxa5 Bxe3+ 23. Nxe3 bxc4 24. bxc4 Rxb2 25. Bf3 Ne8 26. Ra7 Nd6 27. cxd5 cxd5 28. g5 f6 29. Ng4 Rd8 30. Rc7 Nf5 31. Raa7 Nd4 32. gxf6+ gxf6 33. Nxf6 Kxf6 34. Rxd7 Rxd7 35. Rxd7 Nxe2+ 36. Bxe2 Rxe2 37. h4 Rd2 38. Rh7 Rxd3 39. Kf2 Rh3 40. Kg2 Rb3 41. h5 gxh5 42. Rxh5 d4 43. Kf2 Rb2+ 44. Kf3 d3 45. Rh1 Kf5 46. Rh5+ Kf6 47. Rh1 d2 48. Ke3 Kf5 49. Rh5+ Kf6 50. Rh1 Ra2 51. Rd1 Kf5 52. Kf3 Ra3+ 53. Ke2 Ra2 54. Ke3 Rb2 55. Kf3 Rb3+ 56. Ke2 Kxf4 57. Rxd2 Rh3 58. Rd8 Rh2+ 59. Ke1 e5 60. Ra8 Rh1+ 61. Ke2 Rh2+ 62. Ke1 e4 63. Ra3 Rh1+ 64. Ke2 Rh2+ 65. Ke1 Rb2 66. Rc3 Ke5 67. Rh3 Kd4 68. Rg3 Rb4 69. Ke2 Rc4 70. Kd2 Ra4 71. Rh3 Ra2+ 72. Kd1 Ke5 73. Ke1 Kf4 74. Rb3 Ra4 75. Rc3 Rd4 76. Ke2 Ra4 77. Ke1 Ra2 78. Rb3 Rg2 79. Rc3 Rg4 80. Kf2 Rh4 81. Ke1 Rh1+ 82. Kf2 Ra1 83. Ke2 Rh1 84. Kf2 Rh8 85. Ke2 Ra8 86. Kf2 Ra2+ 87. Ke1 e3 88. Rc5 Ra1+ 89. Ke2 Ra2+ 90. Ke1 Kf3 91. Rf5+ Ke4 92. Rb5 Kd3 93. Rb3+ Kd4 94. Rb8 Rh2 95. Rd8+ Ke4 96. Re8+ Kd3 97. Rd8+ Ke4 98. Re8+ Kd3 99. Rd8+ Ke4 1/2-1/2


[Site "https://www.chess.com"]